 Dungeon Crawl Stone Soup version 0.24-a0-269-g32ec7ca (webtiles) character file.

Game seed: 3042264215424190257

2873 Hylith the Gusty (level 9, -6/74 HPs)
             Began as a Demigod Air Elementalist on Apr 21, 2019.
             Mangled by Joseph
             ... wielding a +0 quarterstaff
              (7 damage)
             ... on level 7 of the Dungeon.
             The game lasted 00:36:15 (9031 turns).

Hylith the Gusty (Demigod Air Elementalist)         Turns: 9031, Time: 00:36:15

Health: -6/74      AC:  1    Str: 11    XL:     9   Next: 23%
Magic:  16/21      EV: 11    Int: 28    God:
Gold:   374        SH:  0    Dex: 16    Spells: 11/19 levels left

rFire    . . .     SeeInvis .   D - +5 dagger
rCold    . . .     Gourm    .   (no shield)
rNeg     . . .     Faith    .   f - +0 ring mail
rPois    .         Spirit   .   (no helmet)
rElec    .         Reflect  .   (no cloak)
rCorr    .         Harm     .   (no gloves)
MR       .....                  (no boots)
Stlth    +.........             (no amulet)
HPRegen  0.22/turn              s - +3 ring of intelligence
MPRegen  0.17/turn              q - ring of wizardry

@: corroded, lightly drained
A: high mp 1
a: no special abilities


You were on level 7 of the Dungeon.
You were very hungry.

You visited 1 branch of the dungeon, and saw 7 of its levels.

You collected 374 gold pieces.

Inventory:

Hand Weapons
 A - the +1 glaive "Kizifamp" {freeze, Int+3}
   (You found it on level 7 of the Dungeon)

   It has been specially enchanted to freeze those struck by it, causing extra
   injury to most foes and up to half again as much damage against particularly
   susceptible opponents.
   It can also slow down cold-blooded creatures.
   It affects your intelligence (+3).
 C - a +0 broad axe
 D - a +5 dagger (weapon)
Missiles
 r - 3 tomahawks of returning (quivered)
Armour
 a - a +0 robe
 f - a +0 ring mail (worn)
Jewellery
 k - an uncursed ring of protection from fire
 q - a ring of wizardry (right hand)
 s - a +3 ring of intelligence (left hand)
Wands
 o - a wand of digging (4)
 t - a wand of iceblast (6)
 x - a wand of paralysis (4)
 B - a wand of enslavement (13)
Scrolls
 d - a scroll of enchant weapon {unknown}
 e - 3 scrolls of amnesia {unknown}
 g - 6 scrolls of remove curse
 h - 3 scrolls of teleportation {unknown}
 l - 7 scrolls of identify
 n - 5 scrolls of enchant armour {unknown}
 y - 2 scrolls of magic mapping {unknown}
 z - a scroll of random uselessness {unknown}
Potions
 b - a potion of resistance {unknown}
 i - 6 potions of curing
 j - 2 potions of degeneration {unknown}
 m - 2 potions of haste {unknown}
 p - a potion of ambrosia {unknown}
 u - a potion of brilliance {unknown}
 v - a potion of agility {unknown}
Comestibles
 c - 20 rations


   Skills:
 * Level 5.4(5.3) Fighting
 - Level 2.0(1.9) Dodging
 - Level 2.0 Stealth
 * Level 5.6 Spellcasting
 * Level 5.5 Conjurations
 * Level 6.5 Air Magic
 + Level 3.0 Evocations


You had 11 spell levels left.
You knew the following spells:

 Your Spells              Type           Power        Failure   Level  Hunger
a - Shock                 Conj/Air       ####         1%          1    None
b - Swiftness             Chrm/Air       ####....     2%          2    None
c - Lightning Bolt        Conj/Air       #####.....   16%         5    #####..

Your spell library contained the following spells:

 Spells                   Type           Power        Failure   Level  Hunger
 Static Discharge         Conj/Air       #####...     1%          3    None
 Throw Frost              Conj/Ice       ###...       3%          2    None
 Airstrike                Air            #####.....   4%          4    ###....
 Freeze                   Ice            #...         6%          1    None
 Ozocubu's Armour         Chrm/Ice       #.......     19%         3    None
 Throw Icicle             Conj/Ice       ###.....     21%         4    ###....
 Summon Ice Beast         Ice/Summ       #.......     50%         4    ###....


Dungeon Overview and Level Annotations

Branches:
Dungeon (7/15)             Temple (0/1) D:4

Annotations:
D:3 1 transporter
D:4 Eustachio
D:7 1 runed translucent door, Hylith's ghost, novice DsFi; Joseph


Innate Abilities, Weirdness & Mutations

You have an increased reservoir of magic. (+10% MP)


Message History

Casting: Shock (safe; 1% risk of failure)
Confirm with . or Enter, or press ? or * to list all spells.
Aiming: Lightning Bolt (quite dangerous; 16% risk of failure)
Press: ? - help, Shift-Dir - straight line, p - Joseph You hear a mighty clap of thunder!
The bolt of lightning hits Joseph!
Joseph is moderately wounded.
The tree burns like a torch!
You are feeling very hungry.
Joseph zaps a wand.
The bolt of acid hits you!!
* * * LOW HITPOINT WARNING * * *
The acid corrodes you!
You are splashed with acid!
* * * LOW HITPOINT WARNING * * *
Unknown command.
Aiming: Paralyse
Press: ? - help, Shift-Dir - straight line, f - Joseph
Aim: Joseph, wielding a +0 hunting sling, wearing a +0 ring mail and carrying a wand of acid (5) (moderately wounded, chance to defeat MR: 37%) Joseph easily resists.
Joseph unwields a +0 hunting sling.
Joseph wields a +0 quarterstaff.
Joseph hits you with a +0 quarterstaff!
You die...

....###
♣.....
.#.##
♣♣.♣#..
....#
♣♣♣..♣##.
.#.####
♣♣♣♣...♣♣
#. ......#
♣♣
♣♣.♣.♣.♣♣
#. .#.##.#
♣§§
♣♣♣...♣♣♣♣
## ......#
♣§♣
♣♣.♣.♣♣♣
###
.#.#.##
♣@♣♣.♣..♣
#.. ..>..#
♣@(.♣♣..♣
#.. .#.###
♣♣♣♣♣♣♣.♣
#.. ....#
..♣ ###
.#.## ♣♣.♣
# #(..####
.♣ #
#[.....# ♣
# #)###..#
#
#.#.#..##
#
#.#.....#
#


You could see Joseph.

Vanquished Creatures
  Pikel (D:7)
  Menkaure (D:7)
  A necrophage (D:5)
  An orc warrior (D:6)
  An ice beast (D:7)
  A slave (D:7)
  2 sky beasts
  2 phantoms (D:6)
  A centaur (D:7)
  4 ogres
  2 bullfrogs (D:6)
  2 scorpions
  A howler monkey (D:5)
  A bullfrog zombie (D:6)
  A crimson imp (D:6)
  A bullfrog skeleton (D:6)
  A jelly (D:6)
  Crazy Yiuf (D:7)
  5 orc priests
  A gnoll shaman (D:2)
  2 hounds
  5 iguanas (D:6)
  4 orc wizards
  3 worker ants
  A killer bee zombie (D:6)
  A howler monkey skeleton (D:5)
  7 gnolls
  3 adders
  2 shadow imps
  3 oozes
  3 worms
  A dart slug (D:2)
  7 leopard geckos
  13 orcs
  4 ball pythons
  2 bats
  2 giant cockroaches (D:4)
  7 goblins
  6 hobgoblins
  12 jackals
  7 kobolds
  3 quokkas
  5 frilled lizards
  A jackal skeleton (D:6)
  A jackal zombie (D:5)
  A leopard gecko skeleton (D:4)
  7 rats
144 creatures vanquished.

Notes
Turn   | Place    | Note
-------+----------+-------------------------------------------
     0 | D:1      | Hylith the Demigod Air Elementalist began the quest for the
                  | Orb.
     0 | D:1      | Reached XP level 1. HP: 14/14 MP: 5/5
    13 | D:1      | Reached skill level 1 in Conjurations
   235 | D:1      | Reached XP level 2. HP: 16/20 MP: 0/7
   472 | D:1      | Reached skill level 3 in Air Magic
  1095 | D:2      | Reached XP level 3. HP: 18/26 MP: 1/9
  2568 | D:2      | Reached XP level 4. HP: 34/34 MP: 2/10
  2602 | D:2      | Reached skill level 1 in Fighting
  2903 | D:3      | Found a sparkling altar of Nemelex Xobeh.
  2903 | D:3      | Found a transporter.
  2904 | D:3      | Noticed a bullfrog
  2904 | D:3      | Noticed a centaur
  2958 | D:3      | Learned a level 2 spell: Swiftness
  3116 | D:3      | Reached XP level 5. HP: 40/40 MP: 5/12
  3432 | D:4      | Found a snail-covered altar of Cheibriados.
  3736 | D:4      | Found an iron altar of Okawaru.
  3775 | D:4      | Reached skill level 4 in Air Magic
  3889 | D:4      | Found a hazy altar of Hepliaklqana.
  3897 | D:4      | Noticed an ogre
  3907 | D:4      | Killed an ogre
  3907 | D:4      | Reached XP level 6. HP: 13/48 MP: 9/14
  4208 | D:4      | Noticed Eustachio
  4211 | D:4      | Found a staircase to the Ecumenical Temple.
  4547 | D:5      | Entered Level 5 of the Dungeon
  4599 | D:5      | HP: 1/49 [something (5)]
  5177 | D:5      | Found a sparkling altar of Nemelex Xobeh.
  5205 | D:5      | Reached XP level 7. HP: 35/57 MP: 14/16
  5489 | D:5      | Reached skill level 1 in Evocations
  5920 | D:6      | Reached skill level 5 in Air Magic
  6133 | D:6      | Reached XP level 8. HP: 59/66 MP: 13/18
  6297 | D:6      | Found a glowing golden altar of the Shining One.
  6599 | D:6      | Learned a level 5 spell: Lightning Bolt
  7844 | D:7      | Reached skill level 5 in Spellcasting
  7888 | D:7      | Got a jewelled glaive
  7919 | D:7      | Identified the +1 glaive "Kizifamp" {freeze, Int+3} (You
                  | found it on level 7 of the Dungeon)
  7930 | D:7      | Noticed Pikel
  7952 | D:7      | Killed Pikel
  7952 | D:7      | Reached skill level 5 in Fighting
  7952 | D:7      | Reached skill level 5 in Conjurations
  7952 | D:7      | Reached skill level 6 in Air Magic
  8119 | D:7      | Reached XP level 9. HP: 70/74 MP: 15/20
  8343 | D:7      | Noticed Menkaure
  8348 | D:7      | Killed Menkaure
  8407 | D:7      | Found a shimmering altar of Xom.
  8410 | D:7      | Found a shimmering altar of Xom.
  8420 | D:7      | Found a shimmering altar of Xom.
  8420 | D:7      | Found a shimmering altar of Xom.
  8420 | D:7      | Found a shimmering altar of Xom.
  8420 | D:7      | Found a shimmering altar of Xom.
  8421 | D:7      | Found a shimmering altar of Xom.
  8491 | D:7      | Found a runed translucent door.
  8495 | D:7      | Noticed Hylith's ghost (novice DsFi)
  8733 | D:7      | Found a runed translucent door.
  8734 | D:7      | Noticed Crazy Yiuf
  8753 | D:7      | Killed Crazy Yiuf
  9026 | D:7      | Noticed Joseph
  9030 | D:7      | HP: 1/74 [acid (12)]
  9031 | D:7      | Mangled by Joseph

Levels and vault maps discovered:
D:1:      minmay_arrival_checkered_box, layout_loops_ring
D:2:      layout_basic, nrook_uturn
D:3:      layout_loops_ring, first_ration, grunt_nemelex_the_gamble
D:4:      layout_basic, okawaru_metal_pillars_1_2, lemuel_doored_altar,
          cheibriados_altar_1, minmay_temple_entry_from_below_a, uniq_eustachio
D:5:      layout_rooms, basic_altar
D:6:      layout_layer_cave, tso_altar
D:7:      kb_forest_paths, layout_basic, xom_redecorated,
          ebering_ghost_inner_flame, grunt_ogre_cave, solitary_fountain,
          st_stairs_12, uniq_crazy_yiuf_cottage, uniq_pikel, uniq_menkaure,
          uniq_joseph

Skill      XL: |  1  2  3  4  5  6  7  8  9 |
---------------+----------------------------+-----
Conjurations   | 1 2 3 4 5 |  5.5
Stealth        | 2 |  2.0
Dodging        | 2 |  2.0
Spellcasting   | 2 3 4 5 |  5.6
Air Magic      | 3 4 5 6 |  6.5
Fighting       | 1 2 3 5 |  5.4
Evocations     | 1 2 3 |  3.0

Action                   |  1- 3 |  4- 6 |  7- 9 || total
-------------------------+-------+-------+-------++-------
Melee: Club              |    31 |       |       ||    31
       Whip              |       |    51 |   127 ||   178
       Dagger            |       |       |     1 ||     1
 Cast: Shock             |    83 |    87 |   163 ||   333
       Lightning Bolt    |       |       |     1 ||     1
Evoke: Wand              |       |     2 |     2 ||     4
  Use: Potion            |       |     2 |     1 ||     3
       Scroll            |       |       |     2 ||     2
 Stab: Sleeping          |     1 |       |       ||     1
  Eat: Chunk             |     5 |     8 |     8 ||    21
       Ration            |       |       |     1 ||     1
Armor: Robe              |     4 |       |       ||     4
       Ring mail         |    19 |    38 |    66 ||   123
Dodge: Dodged            |    54 |    31 |   104 ||   189

Table legend:
 A = Non-vault XP
 B = Vault XP
 C = Vault XP percentage of total XP
 D = Non-vault monster count
 E = Vault monster count
 F = Vault count percentage of total count
                 A         B        C        D         E       F
            +---------+---------+-------+---------+---------+-------
      Total |    2969 |    1136 |  27.7 |     137 |       6 |   4.2
            +---------+---------+-------+---------+---------+-------
        D:1 |      30 |       0 |   0.0 |      18 |       0 |   0.0
        D:2 |     144 |       0 |   0.0 |      24 |       0 |   0.0
        D:3 |      90 |       0 |   0.0 |      18 |       0 |   0.0
        D:4 |     346 |       0 |   0.0 |      15 |       0 |   0.0
        D:5 |     533 |       0 |   0.0 |      15 |       0 |   0.0
        D:6 |    1339 |       0 |   0.0 |      35 |       0 |   0.0
        D:7 |     487 |    1136 |  70.0 |      12 |       6 |  33.3
            +---------+---------+-------+---------+---------+-------
